TOP OF THE 1ST |
Oklahoma City 89ers batting - Pitching for Indianapolis Indians : RHP Mike Cullen
|
Pitching: RHP Mike Cullen
|
|
Batting: RHB John Christensen
|
0-0: Foul Ball, location: 2F 0-1: Ball 1-1: Foul Ball, location: 2F 1-2: Foul Ball, location: 2F 1-2: Ball 2-2: Foul Ball, location: 2F 2-2: Foul Ball, location: 2F 2-2: Strikes out swinging
|
Batting: RHB Domingo Nunez
|
0-0: Ball 1-0: Ball 2-0: Ball 3-0: Base on Balls
|
Batting: RHB Cecil Fielder
|
0-0: Called Strike 0-1: Swinging Strike 0-2: Ball 1-2: Ball 2-2: Ball Domingo Nunez steals 2nd, throwing error, E2 Domingo Nunez to third 3-2: Foul Ball, location: 2F 3-2: Foul Ball, location: 2F 3-2: Strikes out swinging
|
Batting: RHB David Green
|
0-0: Ball 1-0: Foul Ball, location: 2F 1-1: Ball 2-1: Called Strike 2-2: Strikes out swinging
|
Top of the 1st over - 0 runs, 0 hits, 1 error, 1 left on base; Oklahoma City 0 - Indianapolis 0 |
BOTTOM OF THE 1ST |
Indianapolis Indians batting - Pitching for Oklahoma City 89ers : RHP Ramon Dominguez
|
Pitching: RHP Ramon Dominguez
|
|
Batting: LHB Kevin Schoendienst
|
0-0: Ball 1-0: Called Strike 1-1: Ground out 6-3 (Groundball, 6M, EV 101.3 MPH)
|
Batting: SHB Julio Estrada
|
0-0: Called Strike 0-1: TRIPLE (Line Drive, 89XD, EV 103.1 MPH)
|
Batting: RHB Luis Gonzalez
|
0-0: Called Strike 0-1: Foul Ball, location: 2F 0-2: Ball 1-2: Strikes out swinging
|
Batting: RHB Pat Rooney
|
0-0: Called Strike 0-1: Swinging Strike 0-2: Strikes out swinging
|
Bottom of the 1st over - 0 runs, 1 hit, 0 errors, 1 left on base; Oklahoma City 0 - Indianapolis 0 |
TOP OF THE 2ND |
Oklahoma City 89ers batting - Pitching for Indianapolis Indians : RHP Mike Cullen
|
Batting: RHB Tim Tolman
|
0-0: Ball 1-0: Foul Ball, location: 2F 1-1: Foul Ball, location: 2F 1-2: Ball 2-2: Strikes out swinging
|
Batting: RHB Nick Esasky
|
0-0: Fly out, F8 (Flyball, 8LXD, EV 91.3 MPH)
|
Batting: LHB John Harris
|
0-0: Ball 1-0: SINGLE (Line Drive, 4D, EV 96.9 MPH)
|
Batting: RHB Danny Jasso
|
0-0: Ball 1-0: Foul Ball, location: 2F 1-1: Called Strike 1-2: Ball 2-2: Foul Ball, location: 2F 2-2: Foul Ball, location: 2F 2-2: Fly out, F9 (Flyball, 9D, EV 100.0 MPH)
|
Top of the 2nd over - 0 runs, 1 hit, 0 errors, 1 left on base; Oklahoma City 0 - Indianapolis 0 |
BOTTOM OF THE 2ND |
Indianapolis Indians batting - Pitching for Oklahoma City 89ers : RHP Ramon Dominguez
|
Batting: SHB Bobby Ball
|
0-0: Called Strike 0-1: Foul Ball, location: 2F 0-2: SINGLE (Groundball, 6M, EV 97.5 MPH)
|
Batting: RHB Tracy Cowger
|
0-0: Foul Ball, location: 2F 0-1: Ball 1-1: Ball 2-1: Ground out 1-3 (Groundball, 13, EV 65.0 MPH) Bobby Ball to second
|
Batting: LHB James Maxwell
|
0-0: Called Strike 0-1: Ball 1-1: Ball 2-1: Foul Ball, location: 2F 2-2: Strikes out swinging
|
Batting: RHB Steven Campbell
|
0-0: Foul Ball, location: 2F 0-1: Ball 1-1: Ball 2-1: Swinging Strike 2-2: Foul Ball, location: 2F 2-2: Hit by Pitch
|
Batting: LHB David Bertulli
|
0-0: Swinging Strike 0-1: Reached on error, E6 (Groundball, 4MS, EV 87.5 MPH) Bobby Ball to third Steven Campbell to second
|
Batting: LHB Kevin Schoendienst
|
0-0: Ball 1-0: Ball 2-0: Ball 3-0: Called Strike 3-1: Base on Balls Bobby Ball scores Steven Campbell to third David Bertulli to second
|
Batting: SHB Julio Estrada
|
0-0: Foul Ball, location: 2F 0-1: Called Strike 0-2: Ball 1-2: Foul Ball, location: 2F 1-2: Ball 2-2: DOUBLE (Flyball, 78D, EV 90.0 MPH) Steven Campbell scores David Bertulli scores Kevin Schoendienst to third Runner from 3rd tries for Home, throw by CF and OUT! 8-6-2
|
Bottom of the 2nd over - 3 runs, 2 hits, 1 error, 1 left on base; Oklahoma City 0 - Indianapolis 3 |
TOP OF THE 3RD |
Oklahoma City 89ers batting - Pitching for Indianapolis Indians : RHP Mike Cullen
|
Batting: RHB Ron Tingley
|
0-0: Called Strike 0-1: Ball 1-1: Called Strike 1-2: Ball 2-2: Ball 3-2: Fly out, F6 (Popup, 4MD, EV 65.6 MPH)
|
Batting: RHB John Christensen
|
0-0: Ball 1-0: Foul Ball, location: 2F 1-1: Swinging Strike 1-2: Ball 2-2: Foul Ball, location: 2F 2-2: Ball 3-2: Strikes out swinging
|
Batting: RHB Domingo Nunez
|
0-0: Ball 1-0: Called Strike 1-1: Foul Ball, location: 2F 1-2: Ball 2-2: Ball 3-2: Base on Balls
|
Batting: RHB Cecil Fielder
|
0-0: Ball 1-0: Ball 2-0: Foul Ball, location: 2F 2-1: Foul Ball, location: 2F 2-2: Strikes out swinging
|
Top of the 3rd over - 0 runs, 0 hits, 0 errors, 1 left on base; Oklahoma City 0 - Indianapolis 3 |
BOTTOM OF THE 3RD |
Indianapolis Indians batting - Pitching for Oklahoma City 89ers : RHP Ramon Dominguez
|
Batting: RHB Luis Gonzalez
|
0-0: Ball 1-0: Fly out, F7 (Flyball, 7S, EV 92.5 MPH)
|
Batting: RHB Pat Rooney
|
0-0: Called Strike 0-1: Ball 1-1: Ball 2-1: Ball 3-1: Called Strike 3-2: Strikes out swinging
|
Batting: SHB Bobby Ball
|
0-0: Foul Ball, location: 2F 0-1: Foul Ball, location: 2F 0-2: Ground out 3-1 (Groundball, 34, EV 101.9 MPH)
|
Bottom of the 3rd over - 0 runs, 0 hits, 0 errors, 0 left on base; Oklahoma City 0 - Indianapolis 3 |
TOP OF THE 4TH |
Oklahoma City 89ers batting - Pitching for Indianapolis Indians : RHP Mike Cullen
|
Batting: RHB David Green
|
0-0: Called Strike 0-1: Swinging Strike 0-2: Fly out, F7 (Flyball, 78M, EV 75.0 MPH)
|
Batting: RHB Tim Tolman
|
0-0: Ground out 4-3 (Groundball, 4M, EV 76.3 MPH)
|
Batting: RHB Nick Esasky
|
0-0: Ball 1-0: Fly out, F8 (Flyball, 8RM, EV 88.1 MPH)
|
Top of the 4th over - 0 runs, 0 hits, 0 errors, 0 left on base; Oklahoma City 0 - Indianapolis 3 |
BOTTOM OF THE 4TH |
Indianapolis Indians batting - Pitching for Oklahoma City 89ers : RHP Ramon Dominguez
|
Batting: RHB Tracy Cowger
|
0-0: Called Strike 0-1: Ball 1-1: Ball 2-1: Foul Ball, location: 2F 2-2: Strikes out swinging
|
Batting: LHB James Maxwell
|
0-0: Ball 1-0: Called Strike 1-1: Swinging Strike 1-2: Fly out, F9 (Flyball, 9D, EV 100.6 MPH)
|
Batting: RHB Steven Campbell
|
0-0: Ball 1-0: Ball 2-0: Ball 3-0: Base on Balls
|
Batting: LHB David Bertulli
|
0-0: Ball 1-0: Ball 2-0: Fly out, F8 (Flyball, 8RD, EV 103.1 MPH)
|
Bottom of the 4th over - 0 runs, 0 hits, 0 errors, 1 left on base; Oklahoma City 0 - Indianapolis 3 |
TOP OF THE 5TH |
Oklahoma City 89ers batting - Pitching for Indianapolis Indians : RHP Mike Cullen
|
Batting: LHB John Harris
|
0-0: Ball 1-0: Foul Ball, location: 2F 1-1: SINGLE (Line Drive, 6D, EV 95.0 MPH)
|
Batting: RHB Danny Jasso
|
0-0: Ball 1-0: Called Strike 1-1: Bunt missed! 1-2: Fly out, F8 (Line Drive, 8RM, EV 88.8 MPH)
|
Batting: RHB Ron Tingley
|
0-0: Called Strike 0-1: Called Strike 0-2: Ball 1-2: Strikes out swinging
|
Batting: RHB John Christensen
|
0-0: Ball 1-0: Ball 2-0: Foul Ball, location: 2F 2-1: Called Strike 2-2: Foul Ball, location: 2F 2-2: Ball 3-2: Base on Balls John Harris to second
|
Batting: RHB Domingo Nunez
|
0-0: Called Strike 0-1: Foul Ball, location: 2F 0-2: Strikes out looking
|
Top of the 5th over - 0 runs, 1 hit, 0 errors, 2 left on base; Oklahoma City 0 - Indianapolis 3 |
BOTTOM OF THE 5TH |
Indianapolis Indians batting - Pitching for Oklahoma City 89ers : RHP Ramon Dominguez
|
Batting: LHB Kevin Schoendienst
|
0-0: Ball 1-0: Ball 2-0: Ball 3-0: Called Strike 3-1: Foul Ball, location: 2F 3-2: Ground out 4-3 (Groundball, 4, EV 88.8 MPH)
|
Batting: SHB Julio Estrada
|
0-0: Called Strike 0-1: Swinging Strike 0-2: SINGLE (Groundball, 4MD, EV 103.8 MPH)
|
Batting: RHB Luis Gonzalez
|
0-0: Ball 1-0: Foul Ball, location: 2F 1-1: Called Strike 1-2: Ball 2-2: Fly out, F9 (Line Drive, 9, EV 89.4 MPH) Lined into DP, 9-3 (Line Drive, 9, EV 89.4 MPH)
|
Bottom of the 5th over - 0 runs, 1 hit, 0 errors, 0 left on base; Oklahoma City 0 - Indianapolis 3 |
TOP OF THE 6TH |
Oklahoma City 89ers batting - Pitching for Indianapolis Indians : RHP Mike Cullen
|
Batting: RHB Cecil Fielder
|
0-0: Ball 1-0: Foul Ball, location: 2F 1-1: Called Strike 1-2: Ball 2-2: Strikes out swinging
|
Batting: RHB David Green
|
0-0: Fly out, F4 (Popup, 34, EV 74.4 MPH)
|
Batting: RHB Tim Tolman
|
0-0: Ball 1-0: Ball 2-0: Ball 3-0: Base on Balls
|
Batting: RHB Nick Esasky
|
0-0: Fly out, F9 (Line Drive, 9D, EV 90.0 MPH)
|
Top of the 6th over - 0 runs, 0 hits, 0 errors, 1 left on base; Oklahoma City 0 - Indianapolis 3 |
BOTTOM OF THE 6TH |
Indianapolis Indians batting - Pitching for Oklahoma City 89ers : RHP Ramon Dominguez
|
Batting: RHB Pat Rooney
|
0-0: Ground out 6-3 (Groundball, 6, EV 83.1 MPH)
|
Batting: SHB Bobby Ball
|
0-0: Called Strike 0-1: Ball 1-1: Fly out, F9 (Line Drive, 9, EV 107.5 MPH)
|
Batting: RHB Tracy Cowger
|
0-0: Ball 1-0: Swinging Strike 1-1: Foul Ball, location: 2F 1-2: Strikes out swinging
|
Bottom of the 6th over - 0 runs, 0 hits, 0 errors, 0 left on base; Oklahoma City 0 - Indianapolis 3 |
TOP OF THE 7TH |
Oklahoma City 89ers batting - Pitching for Indianapolis Indians : RHP Mike Cullen
|
Batting: LHB John Harris
|
0-0: Ball 1-0: Ball 2-0: SINGLE (Groundball, 34D, EV 99.4 MPH)
|
Batting: RHB Danny Jasso
|
0-0: Bunt missed! 0-1: Bunt missed! 0-2: Ball 1-2: Foul Ball, location: 2F 1-2: Fly out, F6 (Popup, 6M, EV 36.3 MPH)
|
Batting: RHB Ron Tingley
|
0-0: Called Strike 0-1: Swinging Strike 0-2: Strikes out swinging
|
Batting: RHB John Christensen
|
0-0: Called Strike 0-1: Ball 1-1: SINGLE (Line Drive, 4D, EV 102.5 MPH) John Harris to second
|
Batting: RHB Domingo Nunez
|
0-0: Foul Ball, location: 2F 0-1: Ball 1-1: Called Strike 1-2: Ball 2-2: Foul Ball, location: 2F 2-2: Ball 3-2: Strikes out looking
|
Top of the 7th over - 0 runs, 2 hits, 0 errors, 2 left on base; Oklahoma City 0 - Indianapolis 3 |
BOTTOM OF THE 7TH |
Indianapolis Indians batting - Pitching for Oklahoma City 89ers : RHP Ramon Dominguez
|
Batting: LHB James Maxwell
|
0-0: Hit by Pitch
|
Batting: RHB Steven Campbell
|
0-0: Bunt missed! 0-1: Reached on error, E2 (Groundball, 2R, EV 43.8 MPH) James Maxwell to third
|
Batting: LHB David Bertulli
|
0-0: Called Strike 0-1: Ground out 3-1 (Groundball, 3, EV 85.6 MPH)
|
Batting: LHB Kevin Schoendienst
|
0-0: Intentional Walk
|
Batting: SHB Julio Estrada
|
0-0: Swinging Strike 0-1: Swinging Strike 0-2: Ball 1-2: Foul Ball, location: 2F 1-2: Ball 2-2: Foul Ball, location: 2F 2-2: Fly out, F7 (Flyball, 78D, EV 92.5 MPH) Runner from 3rd tags up, OUT at HOME! 7-2
|
Bottom of the 7th over - 0 runs, 0 hits, 1 error, 2 left on base; Oklahoma City 0 - Indianapolis 3 |
TOP OF THE 8TH |
Oklahoma City 89ers batting - Pitching for Indianapolis Indians : RHP Mike Cullen
|
Batting: RHB Cecil Fielder
|
0-0: Ball 1-0: Ball 2-0: Ball 3-0: Called Strike 3-1: Foul Ball, location: 2F 3-2: Foul Ball, location: 2F 3-2: Base on Balls
|
Batting: RHB David Green
|
0-0: Foul Ball, location: 2F 0-1: Foul Ball, location: 2F 0-2: Ball 1-2: Ball 2-2: Ball 3-2: Foul Ball, location: 2F 3-2: Fly out, F7 (Flyball, 78D, EV 92.5 MPH)
|
Batting: RHB Tim Tolman
|
0-0: Ball 1-0: Ball 2-0: Called Strike 2-1: Called Strike 2-2: Fly out, F9 (Line Drive, 9D, EV 85.0 MPH)
|
Pitching: LHP Lee Guetterman
|
|
Batting: RHB Nick Esasky
|
0-0: Called Strike 0-1: SINGLE (Groundball, 13S, EV 66.3 MPH) (infield hit) Cecil Fielder to second
|
Batting: LHB John Harris
|
0-0: Called Strike 0-1: Ground out 5-3 (Groundball, 5S, EV 90.0 MPH)
|
Top of the 8th over - 0 runs, 1 hit, 0 errors, 2 left on base; Oklahoma City 0 - Indianapolis 3 |
BOTTOM OF THE 8TH |
Indianapolis Indians batting - Pitching for Oklahoma City 89ers : RHP Ramon Dominguez
|
Batting: RHB Luis Gonzalez
|
0-0: Fly out, F7 (Flyball, 7LS, EV 89.4 MPH)
|
Batting: RHB Pat Rooney
|
0-0: Ball 1-0: Fly out, F8 (Line Drive, 8LM, EV 107.5 MPH)
|
Batting: SHB Bobby Ball
|
0-0: Foul Ball, location: 2F 0-1: Swinging Strike 0-2: Foul Ball, location: 2F 0-2: Ball 1-2: Strikes out swinging
|
Bottom of the 8th over - 0 runs, 0 hits, 0 errors, 0 left on base; Oklahoma City 0 - Indianapolis 3 |
TOP OF THE 9TH |
Oklahoma City 89ers batting - Pitching for Indianapolis Indians : LHP Lee Guetterman
|
Batting: RHB Danny Jasso
|
0-0: Foul Ball, location: 2F 0-1: Swinging Strike 0-2: Ball 1-2: Foul Ball, location: 2F 1-2: Ground out 4-3 (Groundball, 4, EV 99.4 MPH)
|
Batting: RHB Ron Tingley
|
0-0: Ball 1-0: Called Strike 1-1: Ball 2-1: Ball 3-1: Swinging Strike 3-2: Foul Ball, location: 2F 3-2: Ground out 5-3 (Groundball, 56S, EV 73.1 MPH)
|
Batting: RHB John Christensen
|
0-0: Swinging Strike 0-1: Ball 1-1: Reached on error, E6 (Groundball, 6S, EV 67.5 MPH)
|
Batting: RHB Domingo Nunez
|
0-0: Called Strike 0-1: Ball 1-1: DOUBLE (Groundball, 5L, EV 96.9 MPH) John Christensen to third
|
Batting: RHB Cecil Fielder
|
0-0: Ground out 5-3 (Groundball, 5L, EV 102.5 MPH)
|
Top of the 9th over - 0 runs, 1 hit, 1 error, 2 left on base; Oklahoma City 0 - Indianapolis 3 |
|